 Dungeon Crawl Stone Soup version 0.30.1-4-g462c640d31 (webtiles) character file.

Game seed: 15297144887904033623

1863830 LordWeiramon the Slayer (level 27, 199/199 HPs)
             Began as a Gargoyle Fighter on Sept 12, 2023.
             Was the Champion of Ashenzari.
             Escaped with the Orb
             ... and 3 runes on Sept 13, 2023!
             The game lasted 05:23:36 (58620 turns).

LordWeiramon the Slayer (Gargoyle Fighter)         Turns: 58620, Time: 05:23:37

Health: 199/199    AC: 53    Str: 29    XL:     27
Magic:  23/23      EV: 35    Int: 13    God:    Ashenzari [******]
Gold:   3623       SH: 26    Dex: 18    Spells: 25/26 levels left

rFire   + + .        a - +9 eveningstar of the Sidereal Sage {freeze, Melee, Fort} (curse)
rCold   + . .        X - +0 tower shield of Ashenzari's Negation {Fort, Evo} (curse)
rNeg    + . .        M - +6 acid dragon scales of the Eternal Urgency {rCorr, Evo, Cun} (curse)
rPois   ∞            i - +2 hat of the Ruined Black Moon {Will+, Alch, Fort} (curse)
rElec   +            L - scarf "Bound Paranoia" {rC+ rF+, Self, Evo} (curse)
rCorr   +            D - +2 pair of gloves of Supernal Wisdom {Str+3, Cun, Melee} (curse)
SInv    +            G - +5 pair of boots "Celestial Burden" {rElec rF+, Evo, Melee} (curse)
Will    +++++        v - amulet of Vitality {RegenMP++ Regen++, Self, Melee} (curse)
Stlth   +            b - ring "Shackled With Me" {Drain rC+ Will+ Str+2 Dex+3, Bglg, Cun} (curse)
HPRegen 2.13/turn    j - ring "Ruined Affliction" {EV+5, Range, Cun} (curse)
MPRegen 0.98/turn

%: clarity
@: flying, studying 3 skills
A: sickness immunity, AC +20, big wings, negative energy resistance 1,
electricity resistance, torment resistance 1, petrification resistance,
deterioration 1, strong-willed 1, screaming 2, cold vulnerability 1, inability
to drink after injury 1
0: Orb of Zot
}: 3/15 runes: decaying, silver, gossamer
a: Renounce Religion, Shatter the Chains


You escaped.
You worshipped Ashenzari.
Ashenzari was exalted by your worship.
You visited 11 branches of the dungeon, and saw 51 of its levels.
You visited 1 bazaar.
You also visited: Trove and Ice Cave.

You collected 11141 gold pieces.
You spent 7518 gold pieces at shops.

Inventory:

Hand Weapons
 a - the cursed +9 eveningstar of the Sidereal Sage (weapon) {freeze, Melee, Fort}
   (You subdued it on level 2 of the Elven Halls)

   It has a curse which improves the following skills: Melee Combat: Short
   Blades, Long Blades, Axes, Maces & Flails, Polearms, Staves and Unarmed
   Combat.
   Fortitude: Armour and Shields.
Missiles
 l - 5 boomerangs
 E - 3 throwing nets (quivered)
 I - 11 silver javelins
 T - 12 curare-tipped darts
 V - 8 javelins
Armour
 i - the cursed +2 hat of the Ruined Black Moon (worn) {Will+, Alch, Fort}
   (You found it on level 3 of the Elven Halls)

   It has a curse which improves the following skills: Alchemy: Poison Magic and
   Transmutations.
   Fortitude: Armour and Shields.
 D - the cursed +2 pair of gloves of Supernal Wisdom (worn) {Str+3, Cun, Melee}
   (You found it on level 3 of the Spider Nest)

   It has a curse which improves the following skills: Cunning: Dodging and
   Stealth.
   Melee Combat: Short Blades, Long Blades, Axes, Maces & Flails, Polearms,
   Staves and Unarmed Combat.
 G - the cursed +5 pair of boots "Celestial Burden" (worn) {rElec rF+, Evo, Melee}
   (You found it on level 8 of the Dungeon)

   rF:        It protects you from fire.
   rElec:     It insulates you from electricity.
   It has a curse which improves the following skills: Evocations: Evocations.
   Melee Combat: Short Blades, Long Blades, Axes, Maces & Flails, Polearms,
   Staves and Unarmed Combat.
 L - the cursed scarf "Bound Paranoia" (worn) {rC+ rF+, Self, Evo}
   (You found it on level 15 of the Dungeon)

   It has a curse which improves the following skills: Introspection: Fighting
   and Spellcasting.
   Evocations: Evocations.
 M - the cursed +6 acid dragon scales of the Eternal Urgency (worn) {rCorr, Evo, Cun}
   (You found it on level 9 of the Dungeon)

   rCorr:     It protects you from acid and corrosion.
   It has a curse which improves the following skills: Evocations: Evocations.
   Cunning:   Dodging and Stealth.
 X - the cursed +0 tower shield of Ashenzari's Negation (worn) {Fort, Evo}
   (You took it off a vault guard on level 14 of the Dungeon)

   It has a curse which improves the following skills: Fortitude: Armour and
   Shields.
   Evocations: Evocations.
Jewellery
 b - the cursed ring "Shackled With Me" (left hand) {Drain rC+ Will+ Str+2 Dex+3, Bglg, Cun}
   (You bought it in a shop on level 2 of the Depths)

   [ring of willpower]

   Str:       It affects your strength (+2).
   Dex:       It affects your dexterity (+3).
   rC:        It protects you from cold.
   Drain:     It drains your maximum health when unequipped.
   Will:      It increases your willpower.
   It has a curse which improves the following skills: Beguiling: Conjurations,
   Hexes and Translocations.
   Cunning:   Dodging and Stealth.
 j - the cursed ring "Ruined Affliction" (right hand) {EV+5, Range, Cun}
   (You found it on level 6 of the Dungeon)

   [ring of evasion]

   EV:        It affects your evasion (+5).
   It has a curse which improves the following skills: Ranged Combat: Ranged
   Weapons and Throwing.
   Cunning:   Dodging and Stealth.
 v - the cursed amulet of Vitality (around neck) {RegenMP++ Regen++, Self, Melee}
   (You found it on level 1 of the Spider Nest)

   [amulet of magic regeneration]

   It increases your rate of magic regeneration.
   Regen:     It increases your rate of health regeneration.
   It has a curse which improves the following skills: Introspection: Fighting
   and Spellcasting.
   Melee Combat: Short Blades, Long Blades, Axes, Maces & Flails, Polearms,
   Staves and Unarmed Combat.
 A - the ring "Yfelep" {+Blink rF- rC++ Slay+4}
   (You found it in a treasure trove)

   [ring of slaying]

   Slay:      It affects your accuracy & damage with ranged weapons and melee
   (+4).
   rF:        It makes you vulnerable to fire.
   rC:        It greatly protects you from cold.
   +Blink:    It lets you blink.
 R - the ring "Kointim" {Wiz rF+ Str+3 Int+3 Dex+3}
   (You found it in a treasure trove)

   [ring of wizardry]

   It improves your spell success rate.
   Str:       It affects your strength (+3).
   Int:       It affects your intelligence (+3).
   Dex:       It affects your dexterity (+3).
   rF:        It protects you from fire.
Wands
 f - a wand of digging (13)
 x - a wand of paralysis (14)
 H - a wand of iceblast (30)
 J - a wand of quicksilver (22)
 O - a wand of mindburst (49)
 S - a wand of flame (57)
 U - a wand of polymorph (25)
Scrolls
 h - a scroll of butterflies
 n - 11 scrolls of poison
 q - 3 scrolls of enchant armour
 r - 20 scrolls of fear
 s - 8 scrolls of fog
 y - 21 scrolls of teleportation
 Q - 6 scrolls of blinking
 Y - 7 scrolls of magic mapping
Potions
 c - 5 potions of invisibility
 d - 18 potions of heal wounds
 e - 3 potions of cancellation
 k - 14 potions of attraction
 o - 2 potions of magic
 t - 16 potions of mutation
 u - 3 potions of haste
 w - 2 potions of might
 z - a potion of berserk rage
 F - 39 potions of curing
 W - 6 potions of resistance
Miscellaneous
 g - a tin of tremorstones (2/2)
 m - a lightning rod (4/4)
 p - a condenser vane
 N - a phantom mirror
 P - a phial of floods


   Skills:
 - Level 24.0(27) Fighting
 - Level 4.0(16.2) Axes
 - Level 22.7(27) Maces & Flails
 - Level 4.0(6.3) Throwing
 - Level 24.0(27) Armour
 - Level 21.8(27) Dodging
 - Level 1.1(4.1) Stealth
 + Level 22.5(26.8) Shields
 - Level 9.9(15.5) Evocations


You had 25 spell levels left.
You knew the following spells:

 Your Spells              Type           Power      Damage    Failure   Level
a - Apportation           Tloc           2%         N/A       28%         1

Your spell library contained the following spells:

 Spells                   Type           Power      Damage    Failure   Level
 Magic Dart               Conj           4%         1d3       28%         1
 Slow                     Hex            4%         N/A       28%         1
 Sting                    Tmut/Pois      4%         1d3       28%         1
 Foxfire                  Conj/Fire      0%         2x1d4     30%         1
 Freeze                   Ice            0%         1d3       32%         1
 Necrotise                Necr           0%         1d4       32%         1
 Summon Small Mammal      Summ           0%         N/A       32%         1
 Blink                    Tloc           2%         N/A       38%         2
 Lesser Beckoning         Tloc           2%         N/A       38%         2
 Momentum Strike          Conj/Tloc      2%         3d8       38%         2
 Searing Ray              Conj           2%         2d4       38%         2
 Ensorcelled Hibernation  Hex/Ice        0%         N/A       41%         2
 Passwall                 Tmut/Erth      0%         N/A       41%         2
 Poisonous Vapours        Pois/Air       0%         N/A       41%         2
 Static Discharge         Conj/Air       0%         2-2/arc   41%         2
 Call Imp                 Summ           0%         N/A       43%         2
 Scorch                   Fire           0%         2d5       43%         2
 Confusing Touch          Hex            1%         N/A       63%         3
 Dazzling Flash           Conj/Hex       2%         N/A       63%         3
 Gell's Gravitas          Tloc           1%         N/A       63%         3
 Teleport Other           Tloc           1%         N/A       63%         3
 Hailstorm                Conj/Ice       0%         3d3       65%         3
 Ignite Poison            Fire/Tmut/Pois 0%         N/A       65%         3
 Inner Flame              Hex/Fire       0%         N/A       65%         3
 Mephitic Cloud           Conj/Pois/Air  0%         N/A       65%         3
 Vhi's Electric Charge    Tloc/Air       0%         N/A       65%         3
 Volatile Blastmotes      Fire/Tloc      0%         2d10      65%         3
 Call Canine Familiar     Summ           0%         N/A       67%         3
 Frozen Ramparts          Ice            0%         1d1       67%         3
 Ozocubu's Armour         Ice            0%         N/A       67%         3
 Swiftness                Air            0%         N/A       67%         3
 Vampiric Draining        Necr           0%         2d6       67%         3
 Cause Fear               Hex            0%         N/A       95%         4
 Fulminant Prism          Conj/Hex       0%         3d5       95%         4
 Olgreb's Toxic Radiance  Pois           1%         N/A       95%         4
 Anguish                  Hex/Necr       0%         N/A       96%         4
 Flame Wave               Conj/Fire      0%         2d4       96%         4
 Ice Form                 Ice/Tmut       0%         N/A       96%         4
 Petrify                  Tmut/Erth      0%         N/A       96%         4
 Sticky Flame             Conj/Fire      0%         2d3       96%         4
 Airstrike                Air            0%         2d(0-16)  97%         4
 Animate Armour           Summ/Erth      0%         N/A       97%         4
 Animate Dead             Necr           0%         N/A       97%         4
 Summon Ice Beast         Ice/Summ       0%         N/A       97%         4
 Summon Lightning Spire   Summ/Air       0%         N/A       97%         4
 Agony                    Necr           0%         N/A       100%        5
 Alistair's Intoxication  Tmut/Pois      0%         N/A       100%        5
 Arcjolt                  Conj/Air       0%         1d10      100%        5
 Blade Hands              Tmut           0%         N/A       100%        5
 Borgnjor's Vile Clutch   Necr/Erth      0%         N/A       100%        5
 Fireball                 Conj/Fire      0%         3d3       100%        5
 Freezing Cloud           Conj/Ice/Air   0%         6-21      100%        5
 Irradiate                Conj/Tmut      0%         3d11      100%        5
 Metabolic Englaciation   Hex/Ice        0%         N/A       100%        5
 Silence                  Hex/Air        0%         N/A       100%        5
 Summon Forest            Summ/Tloc      0%         N/A       100%        5
 Summon Mana Viper        Hex/Summ       0%         N/A       100%        5
 Yara's Violent Unravell  Hex/Tmut       0%         3d3       100%        5
 Conjure Ball Lightning   Conj/Air       0%         3x3d6     100%        6
 Death Channel            Necr           0%         N/A       100%        6
 Dispersal                Tloc           0%         N/A       100%        6
 Eringya's Noxious Bog    Tmut/Pois      0%         N/A       100%        6
 Iron Shot                Conj/Erth      0%         9d1       100%        6
 Plasma Beam              Fire/Air       0%         2x1d11    100%        6
 Simulacrum               Ice/Necr       0%         N/A       100%        6
 Starburst                Conj/Fire      0%         6d3       100%        6
 Summon Cactus Giant      Summ           0%         N/A       100%        6
 Enfeeble                 Hex            0%         N/A       100%        7
 Haunt                    Necr/Summ      0%         N/A       100%        7
 Monstrous Menagerie      Summ           0%         N/A       100%        7
 Ozocubu's Refrigeration  Ice            0%         4d7       100%        7
 Storm Form               Tmut/Air       0%         N/A       100%        7
 Summon Hydra             Summ           0%         N/A       100%        7
 Borgnjor's Revivificati  Necr           0%         N/A       100%        8
 Discord                  Hex            0%         N/A       100%        8
 Disjunction              Tloc           0%         N/A       100%        8
 Ignition                 Fire           0%         3d3       100%        8
 Necromutation            Tmut/Necr      0%         N/A       100%        8
 Dragon's Call            Summ           0%         N/A       100%        9
 Polar Vortex             Ice            0%         N/A       100%        9
 Cigotuvi's Dreadful Rot  Necr/Pois/Air  Unusable   N/A       N/A         2
 Sublimation of Blood     Necr           Unusable   N/A       N/A         2
 Statue Form              Tmut/Erth      Unusable   N/A       N/A         6

Dungeon Overview and Level Annotations

Branches:
Dungeon (15/15)            Temple (1/1) D:5            Lair (5/5) D:10
  Swamp (4/4) Lair:2       Spider (4/4) Lair:3        Slime (0/5) Lair:4
    Orc (2/2) D:12            Elf (3/3) Orc:2        Vaults (5/5) D:14
  Crypt (3/3) Vaults:3       Tomb (0/3) Crypt:3      Depths (4/4) D:15
    Zot (5/5) Depths:4      IceCv (visited)

Altars:
Ashenzari
Cheibriados
Dithmenos
Elyvilon
Fedhas
Gozag
Hepliaklqana
Kikubaaqudgha
Makhleb
Nemelex Xobeh
Okawaru
Qazlal
Ru
Sif Muna
Trog
Uskayaw
Vehumet
Wu Jian
Xom
Yredelemnul
Zin
The Shining One
Jiyva

Shops:
D:8 *:*   D:9 *   D:12 (   D:15 *   Orc:2 !:=[?   Elf:1 :   Vaults:2 ([?=
Vaults:4 (   Vaults:5 !(:[?(:?!!   Depths:1 *   Depths:2 :==

Portals:
Hell: Depths:1 Depths:2 Depths:3 Depths:4
Abyss: Depths:3
Pandemonium: Depths:2
Ziggurat: Depths:1

Annotations:
D:12 2 transporters, middlethird's ghost, journeyman FoNe
Lair:1 1 runed translucent door, Rupert
Orc:2 exclusion: sensed monster (detected), Erolcha
Zot:1 3 runed translucent doors, Alunk's ghost, legendary GnFi


Innate Abilities, Weirdness & Mutations

You are immune to sickness and miasma.
Your stone body is resilient. (AC +20)
You are immune to poison.
Your large and strong wings let you fly.
You resist negative energy. (rN+)
You are resistant to electric shocks. (rElec)
You are resistant to unholy torment.
You are immune to petrification.
Your body sometimes deteriorates upon taking damage.
You are strong-willed. (Will+)
You frequently scream uncontrollably at your foes.
You are vulnerable to cold. (rC-)
You occasionally lose the ability to drink potions when taking damage.


Message History

There is a stone staircase leading up here.
You fly upwards.
There is a stone staircase leading down here.
(D) Dungeon (T) Temple (L) Lair (S) Swamp (N) Spider Nest (M) Slime Pits (O) Orcish Mines (E) Elven Halls (V) Vaults (C) Crypt (W) Tomb (U) Depths (H) Hell (Z) Zot
Where to? (Enter - D:1, ? - help)
Things that are here:
a +0 club; a +0 dagger A sun demon comes into view.
The sun demon shouts!
A sun demon comes into view.
The sun demon completely misses you. You block the sun demon's attack.
You block the sun demon's attack.
You beat the sun demon like a drum!!!
You freeze the sun demon!!
You kill the sun demon!
There is a stone staircase leading up here.
You fly upwards.
There is a stone staircase leading down here.
(D) Dungeon (T) Temple (L) Lair (S) Swamp (N) Spider Nest (M) Slime Pits (O) Orcish Mines (E) Elven Halls (V) Vaults (C) Crypt (W) Tomb (U) Depths (H) Hell (Z) Zot
Where to? (Enter - D:1, ? - help)
There is a stone staircase leading up here.
You fly upwards.
There is a stone staircase leading down here.
There is a stone staircase leading up here.
You fly upwards.
There is a stone staircase leading down here.
There is a stone staircase leading up here.
You fly upwards.
There is a stone staircase leading down here.
A toenail golem comes into view.
You block the toenail golem's attack.
There is a staircase leading out of the dungeon here.
You block the toenail golem's attack.
You have escaped!

#.##.### ############.#.#.####.#
......## #P~≈≈≈≈≈≈~≈P.#....# #..
..###..####.P~~~≈≈~≈P..###..# ###
........#.#..P~≈≈≈~P...# #..#
...###....#...P~~≈P....# #..#####
##.####..>#....P~......###..#....
#...............P.....[..........
#......##.#.............###...###
#......##.......@......## #.#####
#......##.#.....9.....## #....##
#......##.#.....P.....# ####.#.
#......##.#....P~P....# ######.#.
#......##.#...P~~≈P...# #........
#......##.#..P~~≈≈≈P..# #....(##.
##...####.#.P~≈≈≈≈≈~P.# #........
####.# #.#P~~≈≈≈≈≈≈≈P# #####.###
# #)# #.############# ###.###


You could see a toenail golem.

Vanquished Creatures
  5 dread liches
  Tiamat (Zot:1)
  7 orbs of fire (Zot:5)
  An ancient lich (Vaults:5)
  The ghost of riellis1 the Gelid, a master GnWn of Vehumet (Zot:5)
  Mara (Spider:3)
  A juggernaut (Depths:4)
  Josephina (Crypt:1)
  Sojobo (Crypt:2)
  Bai Suzhen (Depths:1)
  Xtahua (Vaults:3)
  5 curse toes
  Margery (Crypt:2)
  4 Killer Klowns (Zot:5)
  10 golden dragons
  Nikola (Vaults:1)
  Jory (Vaults:3)
  3 doom hounds
  2 bone dragons
  The ghost of turdburglar the Warrior, a veteran VSFi of Dithmenos (Depths:1)
  An Ice Fiend (IceCv)
  20 tentacled monstrosities
  27 Orb Guardians
  5 electric golems
  Mlioglotl (Spider:4)
  Grunn (Crypt:2)
  6 liches
  3 deep elf master archers (Elf:3)
  3 deep elf blademasters
  A walking frostbound tome (Depths:4)
  Asterion (Vaults:1)
  4 titans
  4 quicksilver dragons
  6 death cobs
  2 Executioners
  3 sphinxes
  An eldritch tentacle (Vaults:1)
  Agnes (Spider:2)
  4 thorn hunters (Swamp:4)
  23 storm dragons
  10 shadow dragons
  3 revenants
  10 tengu reavers
  Roxanne (Spider:1)
  5 draconian monks
  2 iron dragons
  9 frost giants
  7 deep elf sorcerers
  10 draconian knights
  4 emperor scorpions
  A juggernaut zombie (Crypt:2)
  3 deep elf elementalists (Elf:3)
  12 draconian scorchers
  Aizul (Swamp:4)
  8 fire giants
  9 ghost moths
  20 vault wardens
  5 draconian shifters
  16 draconian stormcallers
  5 war gargoyles
  9 draconian annihilators
  9 ghouls
  An orc warlord (Vaults:1)
  A curse skull (Crypt:3)
  The ghost of Esekla the Eclecticist, a journeyman DENe of Vehumet (Spider:3)
  13 ironbound preservers
  4 reapers
  3 spriggan defenders
  21 very ugly things
  13 stone giants
  11 vampire knights
  A hydra skeleton (Swamp:4)
  7 ironbound thunderhulks
  A juggernaut skeleton (Crypt:1)
  13 green draconians
  Nessos (Lair:4)
  A putrid mouth (Crypt:2)
  3 eleionomae
  11 dire elephants
  20 white draconians
  15 black draconians
  6 red draconians
  7 spark wasps
  2 bunyips (Swamp:1)
  8 deep elf annihilators
  11 deep elf demonologists
  14 purple draconians
  A minotaur (D:13)
  7 yellow draconians
  11 deep elf death magi
  7 ettins
  The ghost of Ucagg the Grappler, a journeyman DrTm of Qazlal (D:13)
  20 yaktaur captains
  4 eidola
  A spriggan zombie (Crypt:1)
  6 entropy weavers
  9 fire dragons
  19 jiangshi
  3 shambling mangroves
  3 crystal guardians
  39 vault guards
  8 deep elf high priests
  4 rakshasas (Depths:1)
  8 great orbs of eyes
  4 peacekeepers
  8 ice dragons
  A spectral spriggan (Crypt:3)
  4 boulder beetles
  10 ironbound frosthearts
  2 caustic shrike simulacra (IceCv)
  13 hydras
  3 catoblepae
  6 spriggan air magi
  4 ghost crabs
  10 jorogumos
  An alligator (shapeshifter) (Vaults:5)
  15 centaur warriors
  2 radroaches
  29 dancing weapons
  5 ogre magi
  A spriggan skeleton (Crypt:2)
  9 two-headed ogres
  3 tengu warriors
  8 alligators
  4 death yaks
  6 deep troll shamans
  6 vampire magi
  9 death scarabs
  A spectral naga (Crypt:3)
  A titan zombie (Crypt:1)
  A spectral emperor scorpion (Spider:3)
  4 deep troll earth magi
  2 orc high priests
  2 sun demons
  8 hell knights
  2 skysharks
  6 spriggan berserkers
  Sonja (Lair:2)
  12 deep elf knights
  12 skeletal warriors
  A spectral spark wasp (Spider:3)
  A salamander mystic (Depths:2)
  3 iron trolls (Depths:4)
  2 spectral ghost moths (Spider:3)
  15 shadow wraiths
  6 goliath frogs
  6 pharaoh ants
  7 glowing orange brains
  2 death drakes
  2 spectral bunyips (Crypt:3)
  A storm dragon skeleton (Depths:2)
  34 deep trolls
  8 spriggan druids
  A death drake (shapeshifter) (Vaults:5)
  5 spectral hydras
  12 flayed ghosts
  3 bog bodies
  An orange crystal statue (Spider:3)
  8 spriggan simulacra
  8 deep elf archers
  5 wizards
  4 orb spiders (Spider:4)
  14 steelbarb worms
  4 spectral wolf spiders (Spider:4)
  A wolf spider zombie (Spider:4)
  22 phantasmal warriors
  5 swamp dragons
  An obsidian statue (IceCv)
  3 bunyip skeletons
  Pikel (D:7)
  3 orc knights
  10 necromancers
  13 lindwurms
  31 deep elf pyromancers
  24 deep elf zephyrmancers
  A steelbarb worm (shapeshifter) (Vaults:4)
  5 harpies
  19 ironbound convokers
  5 will-o-the-wisps
  A tengu skeleton (Depths:2)
  A wolf spider (shapeshifter) (Vaults:5)
  2 fire giant zombies (Depths:1)
  41 ugly things
  3 orc sorcerers
  29 moths of wrath
  2 salamanders (Depths:2)
  15 wolf spiders
  5 cyclopes
  2 spectral radroaches (Spider:3)
  2 spectral centaurs (Crypt:3)
  A stone giant skeleton (Depths:1)
  3 oklob plants (Swamp:4)
  4 manticores
  2 manticores (shapeshifter)
  6 torpor snails
  A dire elephant zombie (Crypt:1)
  Joseph (D:7)
  A fire giant skeleton (Crypt:3)
  22 vault sentinels
  2 naga magi (Vaults:1)
  A torpor snail (shapeshifter) (Depths:2)
  6 black mambas
  11 cane toads
  10 demonic crawlers
  A gargoyle (D:13)
  An emperor scorpion simulacrum (Spider:3)
  A titan simulacrum (Depths:2)
  51 yaktaurs
  5 kobold demonologists
  2 redback zombies (Spider:4)
  A spark wasp simulacrum (Spider:3)
  10 komodo dragons
  3 spectral redbacks (Spider:4)
  4 rime drakes
  6 ice devils (IceCv)
  2 tormentors
  4 anaconda simulacra (IceCv)
  A ghost moth simulacrum (Spider:3)
  A tengu conjurer (D:14)
  8 freezing wraiths
  A golden dragon simulacrum (IceCv)
  6 hydra zombies (Swamp:4)
  A minotaur skeleton (Crypt:1)
  3 red draconian skeletons
  2 guardian mummies (Elf:2)
  A spectral harpy (Crypt:3)
  18 trolls
  6 meliai
  3 death drake zombies
  3 harpy zombies
  A meliai (shapeshifter) (Vaults:4)
  A harpy skeleton (Crypt:1)
  13 polar bears
  17 hornets
  29 blink frogs
  A tyrant leech (shapeshifter) (Vaults:4)
  A culicivora zombie (Spider:4)
  An ettin zombie (Depths:1)
  A sphinx simulacrum (Depths:1)
  11 tyrant leeches
  17 tarantellas
  A broodmother simulacrum (Spider:3)
  4 dream sheep
  A dream sheep (shapeshifter) (Depths:1)
  A jumping spider zombie (Crypt:2)
  3 spectral jumping spiders (Spider:4)
  A frost giant simulacrum (Depths:1)
  45 jumping spiders
  15 slime creatures
  16 culicivoras
  6 air elementals
  3 tarantella zombies (Spider:4)
  A stone giant simulacrum (Depths:1)
  5 centaur simulacra
  24 spriggans
  13 flying skulls
  5 wyverns
  16 yaks
  5 naga simulacra
  11 shadows
  A guardian serpent skeleton (Crypt:2)
  8 water elementals
  3 fire bats (Lair:1)
  2 vampires
  2 golden eyes (Vaults:1)
  A human (Lair:1)
  11 wraiths
  A basilisk (shapeshifter) (D:14)
  3 fire elementals (Elf:1)
  2 spectral komodo dragons (Lair:2)
  A hog (Vaults:1)
  An alligator snapping turtle simulacrum (Crypt:1)
  64 redbacks
  A steam dragon (D:9)
  3 basilisks
  14 vampire mosquitoes
  8 minotaur simulacra (IceCv)
  5 wargs
  3 acid dragons
  A harpy simulacrum (Crypt:1)
  A glowing shapeshifter zombie (Crypt:1)
  2 spatial vortices (Vaults:1)
  17 swamp worms
  2 hydra simulacra (Swamp:4)
  9 water moccasins
  A demonspawn skeleton (Crypt:2)
  A floating eye (Depths:2)
  A faun skeleton (Crypt:2)
  2 black bears
  11 ice beasts
  16 orc warriors
  2 alligator simulacra (IceCv)
  23 ogres
  4 swamp drakes (Swamp:4)
  A blink frog zombie (Crypt:1)
  A hog zombie (Crypt:3)
  36 wolves
  A snapping turtle skeleton (Crypt:3)
  5 boggarts (Lair:5)
  4 ettin simulacra
  6 centaurs
  A swamp dragon skeleton (Swamp:4)
  2 lemures (D:7)
  A dream sheep skeleton (Crypt:2)
  A phantom (D:5)
  4 kobold brigands
  13 bullfrogs
  2 gnoll sergeants
  2 scorpions
  A komodo dragon skeleton (Crypt:2)
  2 necrophages
  10 deep troll simulacra (IceCv)
  An earth elemental (Elf:2)
  8 wights
  A lindwurm simulacrum (IceCv)
  A spectral wolf (Lair:2)
  2 howler monkeys
  A vampire bat (Vaults:1)
  2 electric eels
  4 jellies
  3 hounds
  Crazy Yiuf (D:3)
  3 gnoll boudas
  13 orc priests
  2 sleepcaps (D:4)
  Jessica (D:2)
  Terence (D:2)
  18 orc wizards
  A boggart skeleton (Crypt:1)
  A hound skeleton (Crypt:3)
  22 gnolls
  8 adders
  A white imp (D:7)
  An adder skeleton (Crypt:1)
  6 dart slugs
  72 orcs
  A bat skeleton (Crypt:2)
  4 endoplasms
  3 giant cockroaches
  4 goblins
  7 hobgoblins
  5 jackals (D:4)
  3 quokkas
  5 ball pythons
  4 bats
  A dart slug zombie (Crypt:1)
  4 frilled lizards
  A hobgoblin zombie (Crypt:1)
  18 kobolds
  3 rats
  A river rat skeleton (Crypt:1)
2323 creatures vanquished.

Vanquished Creatures (collateral kills)
  A draconian knight (Zot:1)
1 creature vanquished.

Vanquished Creatures (others)
  2 sphinxes (Vaults:1)
  A fire giant (Depths:1)
  An ogre mage (Vaults:1)
  An orange crystal statue (D:15)
  3 lindwurms (Vaults:2)
  A deep elf pyromancer (Elf:1)
  A bloated husk (Swamp:4)
  A tarantella (Spider:4)
  An air elemental (Elf:2)
  A fire elemental (Elf:2)
  6 ball lightnings (Zot:5)
  11 foxfires
30 creatures vanquished.

Grand Total: 2354 creatures vanquished

Notes
Turn   | Place    | Note
-------+----------+-------------------------------------------
     0 | D:1      | LordWeiramon the Gargoyle Fighter began the quest for the
                  | Orb.
     0 | D:1      | Reached XP level 1. HP: 14/14 MP: 1/1
   102 | D:1      | Reached XP level 2. HP: 18/19 MP: 2/2
   430 | D:1      | Reached XP level 3. HP: 23/23 MP: 3/3
   765 | D:2      | Noticed Terence
   778 | D:2      | Killed Terence
   779 | D:2      | Reached XP level 4. HP: 24/28 MP: 4/4
   902 | D:2      | Found a faded altar of an unknown god.
  1065 | D:2      | Identified the +8 flail "Mousuena" {drain, Str+4}
  1516 | D:2      | Noticed Jessica
  1519 | D:2      | Killed Jessica
  1520 | D:2      | Reached skill level 1 in Maces & Flails
  1585 | D:3      | Found a shimmering blue altar of Sif Muna.
  1776 | D:3      | Found a runed translucent door.
  1777 | D:3      | Noticed Crazy Yiuf
  1941 | D:3      | Found a shadowy altar of Dithmenos.
  2052 | D:3      | Reached XP level 5. HP: 32/32 MP: 5/5
  2986 | D:4      | Reached XP level 6. HP: 37/37 MP: 6/6
  3234 | D:5      | Entered Level 5 of the Dungeon
  3511 | D:5      | Reached skill level 5 in Maces & Flails
  3529 | D:5      | Noticed an ice beast
  3543 | D:5      | Killed an ice beast
  3544 | D:5      | Reached XP level 7. HP: 35/41 MP: 5/7
  3992 | D:5      | Found a staircase to the Ecumenical Temple.
  4003 | Temple   | Entered the Ecumenical Temple
  4038 | Temple   | Became a worshipper of Ashenzari the Shackled
  4458 | D:6      | Reached XP level 8. HP: 46/46 MP: 8/8
  4676 | D:6      | Found an ancient bone altar of Kikubaaqudgha.
  5122 | D:6      | Found a sparkling altar of Nemelex Xobeh.
  5175 | D:7      | Noticed a wyvern
  5180 | D:7      | Killed a wyvern
  5244 | D:7      | Reached * piety under Ashenzari
  5244 | D:7      | Identified a scroll of acquirement
  5255 | D:7      | Reached XP level 9. HP: 44/53 MP: 9/9
  5260 | D:7      | Reached skill level 5 in Fighting
  5262 | D:7      | Reached skill level 1 in Dodging
  5313 | D:7      | Identified the +0 ring mail of Fashionability {Fly rC-
                  | Slay+2}
  5474 | D:7      | Found an iron altar of Okawaru.
  5584 | D:7      | Noticed Joseph
  5595 | D:7      | Killed Joseph
  5861 | D:8      | Reached ** piety under Ashenzari
  5891 | D:8      | Found Gaptelaco's Book Shoppe.
  5895 | D:8      | Reached skill level 5 in Dodging
  5943 | D:8      | Identified the +5 pair of boots of Sorcery {rElec rF+}
  5952 | D:8      | Found Jelu's General Store.
  6105 | D:8      | Bought a potion of invisibility for 88 gold pieces
  6105 | D:8      | Bought a potion of curing for 33 gold pieces
  6151 | D:8      | Found Ydghec's General Store.
  6183 | D:8      | Reached XP level 10. HP: 59/59 MP: 10/10
  6207 | D:8      | Bought a wand of iceblast (5) for 144 gold pieces
  6373 | D:8      | Noticed Pikel
  6410 | D:7      | Killed Pikel
  6411 | D:7      | Reached skill level 5 in Armour
  6994 | D:9      | Found Fouwe's Lightly-Used Armoury.
  7181 | D:9      | Found an opulent altar of Gozag.
  7225 | D:10     | Entered Level 10 of the Dungeon
  7244 | D:10     | Reached skill level 1 in Evocations
  7376 | D:10     | Reached XP level 11. HP: 57/69 MP: 11/11
  7406 | D:10     | Reached skill level 5 in Evocations
  7419 | D:10     | Reached skill level 10 in Maces & Flails
  7474 | D:10     | Found a staircase to the Lair.
  7746 | D:10     | You fall into a shaft and drop 2 floors!
  7749 | D:12     | Noticed a deep elf pyromancer
  7771 | D:11     | Noticed a boulder beetle
  7782 | D:11     | Killed a boulder beetle
  7797 | D:11     | Noticed a cyclops
  7810 | D:11     | Killed a cyclops
  7826 | D:11     | Noticed a two-headed ogre
  7837 | D:11     | Killed a two-headed ogre
  7848 | D:11     | Reached *** piety under Ashenzari
  8442 | D:3      | Killed Crazy Yiuf
  8776 | D:11     | Reached **** piety under Ashenzari
  9313 | D:12     | Found a staircase to the Orcish Mines.
  9451 | D:12     | Reached skill level 10 in Fighting
  9472 | D:12     | Found an ornate altar of the Wu Jian Council.
  9482 | D:12     | Killed a deep elf pyromancer
  9516 | D:12     | Found a transporter.
  9523 | D:12     | Noticed middlethird's ghost (journeyman FoNe)
  9542 | D:12     | Found a transporter.
  9689 | D:12     | Reached XP level 12. HP: 77/77 MP: 12/12
  9873 | D:12     | Found Yboaq's Weapon Shoppe.
 10295 | Lair:1   | Entered Level 1 of the Lair of Beasts
 10716 | Lair:1   | Reached skill level 10 in Armour
 10869 | Lair:1   | Found a runed translucent door.
 10879 | Lair:1   | Noticed Rupert
 10880 | Lair:1   | Identified the +10 halberd "Qosk" {heavy, Dex+4}
 11155 | Lair:2   | Reached skill level 5 in Shields
 11200 | Lair:2   | Reached ***** piety under Ashenzari
 11746 | Lair:2   | Noticed Sonja
 11755 | Lair:2   | Killed Sonja
 12559 | Lair:3   | Reached skill level 1 in Throwing
 12573 | Lair:3   | Identified the +4 ring mail of Vezxugod {Fly rN+ Str-5}
 12603 | Lair:3   | Found a hole to the Spider Nest.
 12893 | Lair:3   | Reached XP level 13. HP: 79/84 MP: 13/13
 12920 | Lair:3   | Identified the +4 chain mail "Usuosyfi" {*Slow Int+4}
 13030 | Lair:3   | Identified the ring of Motzaofu {rF- rC+ Int+7}
 13536 | Lair:4   | Identified the Catalogue of Shaping
 13696 | Lair:4   | Reached ****** piety under Ashenzari
 13814 | Lair:4   | Found a viscous altar of Jiyva.
 13823 | Lair:4   | Found a staircase to the Slime Pits.
 13829 | Lair:4   | Noticed Nessos
 13851 | Lair:4   | Killed Nessos
 14315 | Lair:2   | Found a staircase to the Swamp.
 14440 | Lair:5   | Entered Level 5 of the Lair of Beasts
 14469 | Lair:4   | Reached skill level 15 in Fighting
 14778 | Lair:5   | Gained mutation: Your large and strong wings let you fly.
                  | [Gargoyle growth]
 14778 | Lair:5   | Reached XP level 14. HP: 99/99 MP: 14/14
 15412 | Lair:5   | Found the +27 heavy crossbow "Sniper" {heavy, Acc+∞ SInv}
 15592 | Lair:5   | Learned a level 1 spell: Apportation
 15609 | Lair:5   | Found a glowing silver altar of Zin.
 16283 | D:10     | Found a burning altar of Makhleb.
 16283 | D:10     | Noticed an Executioner
 16704 | D:13     | Found a runed translucent gate.
 16704 | D:13     | Found a runed translucent gate.
 16704 | D:13     | Found a runed translucent gate.
 16756 | D:12     | Reached skill level 10 in Dodging
 17137 | D:13     | Noticed Ucagg's ghost (journeyman DrTm)
 17254 | D:13     | Killed Ucagg's ghost
 17611 | D:14     | Found an ancient bone altar of Kikubaaqudgha.
 17830 | D:14     | Found a gate to the Vaults.
 17851 | D:14     | Reached XP level 15. HP: 85/104 MP: 15/15
 18742 | D:15     | Entered Level 15 of the Dungeon
 18888 | D:15     | Found Roafrasi's Changing Room.
 19056 | D:15     | Found a runed translucent door.
 19103 | D:15     | Reached skill level 10 in Shields
 19165 | D:15     | Identified the +7 shortbow "Isirru Biham" {drain, rF-
                  | Int+7}
 19170 | D:15     | Found a staircase to the Depths.
 19385 | D:15     | Identified the staff of fire "Jexoudel" {rF+ Str+3}
 19511 | Orc:1    | Entered Level 1 of the Orcish Mines
 19672 | Orc:2    | Entered Level 2 of the Orcish Mines
 19675 | Orc:2    | Found a transporter.
 19675 | Orc:2    | Found Ynnuduyl's Distillery.
 19678 | Orc:2    | Found a transporter.
 20169 | Orc:2    | Found a staircase to the Elven Halls.
 20449 | Orc:2    | Bought a potion of invisibility for 144 gold pieces
 20449 | Orc:2    | Bought a potion of heal wounds for 90 gold pieces
 20449 | Orc:2    | Bought a potion of haste for 180 gold pieces
 20722 | Orc:2    | Found Sopsuoth's Book Emporium.
 20783 | Orc:2    | Found Naatos's Jewellery Boutique.
 20789 | Orc:2    | Found Duatzute's Antique Armour Shoppe.
 20790 | Orc:2    | Found Homad's Magic Scroll Emporium.
 20798 | Orc:2    | Bought a runed helmet for 217 gold pieces
 20816 | Orc:2    | Reached XP level 16. HP: 110/110 MP: 16/16
 20872 | Orc:2    | Bought a scroll of fog for 68 gold pieces
 20872 | Orc:2    | Bought a scroll of poison for 68 gold pieces
 20883 | Orc:2    | Noticed Erolcha
 20939 | Orc:2    | Bought a scorched plate armour for 812 gold pieces
 20939 | Orc:2    | Identified the +5 plate armour of Classification {Dex+2
                  | SInv} (You bought it in a shop on level 2 of the Orcish
                  | Mines)
 21160 | Swamp:1  | Entered Level 1 of the Swamp
 21229 | Swamp:1  | Acquired the +10 morningstar "Eos" {elec, Halo rElec}
 21229 | Swamp:1  | Found the +10 morningstar "Eos" {elec, Halo rElec}
 21766 | Swamp:2  | Found a frozen archway.
 21801 | IceCv    | Entered an ice cave
 21915 | IceCv    | Reached skill level 15 in Shields
 23057 | IceCv    | Noticed an Ice Fiend
 23074 | IceCv    | Killed an Ice Fiend
 23854 | Swamp:2  | Identified the +7 trident "Weilut" {flame, Int+3}
 24174 | Swamp:3  | Reached XP level 17. HP: 93/116 MP: 17/17
 24642 | Swamp:3  | Found a shadowy altar of Dithmenos.
 24792 | Swamp:4  | Entered Level 4 of the Swamp
 25047 | Swamp:4  | Noticed Aizul
 25063 | Swamp:4  | Killed Aizul
 25408 | Swamp:4  | Paralysed by a vampire knight for 2 turns
 25875 | Swamp:4  | Found a blossoming altar of Fedhas.
 25882 | Swamp:4  | Found a basalt altar of Yredelemnul.
 26050 | Swamp:4  | Got a decaying rune of Zot
 26336 | Spider:1 | Entered Level 1 of the Spider Nest
 26732 | Spider:1 | Noticed Roxanne
 26748 | Spider:1 | Killed Roxanne
 27017 | Spider:1 | Found the amulet of Vitality {RegenMP++ Regen++}
 27355 | Spider:1 | Reached XP level 18. HP: 122/124 MP: 18/18
 27629 | Spider:2 | Identified the +3 longbow of Dim Light {drain, Will++ Str+5
                  | Int-5}
 27658 | Spider:2 | Noticed Agnes
 27666 | Spider:2 | Killed Agnes
 28708 | Spider:3 | Found a transporter.
 28719 | Spider:3 | Found a transporter.
 28719 | Spider:3 | Identified the +3 shortbow "Qadwustyph" {drain, rF++ rN+
                  | Will-}
 28862 | Spider:3 | Identified the +7 leather armour "Bush" {rPois Stlth+}
 29112 | Spider:3 | Found a runed translucent gate.
 29113 | Spider:3 | Found a runed translucent gate.
 29125 | Spider:3 | Noticed Mara
 29157 | Spider:3 | Noticed LordWeiramon's illusion
 29157 | Spider:3 | Killed Mara
 29171 | Spider:3 | Found a runed translucent gate.
 29180 | Spider:3 | Noticed Esekla's ghost (journeyman DENe)
 29332 | Spider:3 | Killed Esekla's ghost
 29423 | Spider:4 | Entered Level 4 of the Spider Nest
 29583 | Spider:4 | Reached skill level 15 in Dodging
 29693 | Spider:4 | Reached XP level 19. HP: 128/128 MP: 19/19
 29897 | Spider:4 | Noticed Mlioglotl
 29909 | Spider:4 | Killed Mlioglotl
 30797 | Spider:4 | Identified the +0 hat of Ucver {Harm Dex+2}
 30797 | Spider:4 | Identified the +1 pair of boots of Levity {Rampage rN+}
 30823 | Spider:4 | Got a gossamer rune of Zot
 31469 | D:15     | Identified the staff of cold "Nuolav" {rF+ rC+ rN+ Dex+4}
 31698 | Elf:1    | Entered Level 1 of the Elven Halls
 31897 | Elf:1    | Noticed an Ice Fiend
 32127 | Elf:1    | Found Kamp's Book Emporium.
 32167 | Elf:1    | Identified the Dissertation on the Escort
 32287 | Elf:1    | Paralysed by an air elemental for 1 turns
 33418 | Elf:1    | Identified the +4 plate armour of the Iron Devil {Rampage
                  | rElec rF-}
 33573 | Elf:2    | Found a huge runed translucent gate.
 33573 | Elf:2    | Found a huge runed translucent gate.
 33574 | Elf:2    | Found a huge runed translucent gate.
 33580 | Elf:2    | Found a huge runed translucent gate.
 33585 | Elf:2    | Found a huge runed translucent gate.
 33689 | Elf:2    | Paralysed by an air elemental for 1 turns
 33732 | Elf:2    | Reached XP level 20. HP: 144/144 MP: 20/20
 33755 | Elf:2    | Paralysed by an air elemental for 1 turns
 33881 | Elf:2    | Found a portal to a secret trove of treasure.
 33920 | Elf:2    | You paid a toll of 4 scrolls of fog to enter a treasure
                  | trove
 33921 | Trove    | Entered a treasure trove
 33923 | Trove    | Identified the ring of Ricu {Fire Drain Will+++ Stlth+}
 33923 | Trove    | Identified the ring "Yfelep" {+Blink rF- rC++ Slay+4}
 33924 | Trove    | Identified the scarf "Iroddan" {rC+ rF+, rN+++ Str+4 Dex-5
                  | Slay-4}
 33931 | Trove    | Identified the staff of poison "Untos" {rPois Str+3}
 33955 | Trove    | Identified the ring "Kointim" {Wiz rF+ Str+3 Int+3 Dex+3}
 34892 | Elf:3    | Entered Level 3 of the Elven Halls
 34905 | Elf:3    | Paralysed by an air elemental for 1 turns
 35062 | Elf:3    | Found a shimmering blue altar of Sif Muna.
 35740 | Elf:3    | Identified the +9 hand axe of Awkwardness {antimagic, *Slow
                  | rPois rF+++ rN+}
 35790 | Elf:3    | Identified the amulet "Liyxkyxtie" {Faith Drain rN++ SInv}
 35912 | Elf:3    | Identified the +4 hand axe "Lifebane" {flame, Dex+3}
 35913 | Elf:3    | Identified the staff of death "Veacketze" {rN+ Str+3 Int-5
                  | Dex+3}
 36104 | Elf:3    | Identified the +1 scale mail of Ogubb {Rampage Drain rC++
                  | Str+5}
 36211 | Elf:3    | Identified the +9 spear of Enotyoni {flame, Dex+3}
 36211 | Elf:3    | Identified the Anthology of the Stinger
 36212 | Elf:3    | Identified the +5 broad axe of Sulphur {antimagic, Dex+3}
 36396 | Elf:3    | Identified the Precepts of Feathers and Incineration
 36684 | Vaults:1 | Entered Level 1 of the Vaults
 36923 | Vaults:1 | Reached skill level 15 in Maces & Flails
 36936 | Vaults:1 | Reached XP level 21. HP: 149/149 MP: 21/21
 37204 | Vaults:1 | Identified the Anthology of Transition
 37299 | Vaults:1 | Noticed Asterion
 37316 | Vaults:1 | Killed Asterion
 37326 | Vaults:1 | Identified the Teachings on the Vector
 37488 | Vaults:1 | Identified Gaxzath Uchi's Guidebook on the Jinx
 37669 | Vaults:1 | Acquired a manual of Fire Magic
 37671 | Vaults:1 | Acquired a manual of Ice Magic
 37791 | Vaults:1 | Identified the +0 robe of Ilerion {rC+ SInv}
 37835 | Vaults:1 | Noticed Nikola
 37858 | Vaults:1 | Killed Nikola
 38521 | Vaults:2 | Found a flickering gateway to a bazaar.
 38530 | Bazaar   | Entered a bazaar
 38530 | Bazaar   | Found Opuppotili's Antique Armour Boutique.
 38530 | Bazaar   | Found Eleist's Jewellery Boutique.
 38534 | Bazaar   | Found Bogalima's Assorted Antiques.
 38538 | Bazaar   | Found Guutz's Jewellery Boutique.
 38550 | Bazaar   | Found Vist's Weapon Boutique.
 38556 | Bazaar   | Found Uthiwn's Armour Shoppe.
 38605 | Bazaar   | Bought a wand of mindburst (11) for 231 gold pieces
 38605 | Bazaar   | Bought a wand of iceblast (4) for 144 gold pieces
 38950 | Vaults:2 | Found Potao's Jewellery Shoppe.
 39344 | Vaults:2 | Found Huvesasat's Weapon Emporium.
 39579 | Vaults:2 | Found Jauqahey's Antique Armour Emporium.
 39583 | Vaults:2 | Bought a faintly humming scale mail for 324 gold pieces
 39583 | Vaults:2 | Identified the +0 scale mail of Objectivity {Rampage} (You
                  | bought it in a shop on level 2 of the Vaults)
 39602 | Vaults:2 | Found Udupiaph's Magic Scroll Emporium.
 39614 | Vaults:2 | Bought a scroll of enchant weapon for 165 gold pieces
 39615 | Vaults:2 | Bought a scroll of poison for 88 gold pieces
 39615 | Vaults:2 | Bought a scroll of butterflies for 88 gold pieces
 39615 | Vaults:2 | Bought a scroll of fear for 88 gold pieces
 39615 | Vaults:2 | Bought a scroll of fear for 88 gold pieces
 39615 | Vaults:2 | Bought a scroll of teleportation for 66 gold pieces
 39803 | Vaults:3 | Found a staircase to the Crypt.
 39803 | Vaults:3 | Found a basalt altar of Yredelemnul.
 39803 | Vaults:3 | Found an ancient bone altar of Kikubaaqudgha.
 39848 | Vaults:3 | Noticed Xtahua
 39884 | Vaults:3 | Killed Xtahua
 39889 | Vaults:3 | Reached XP level 22. HP: 150/158 MP: 22/22
 40158 | Vaults:3 | Noticed Jory
 40169 | Vaults:3 | Killed Jory
 41729 | Vaults:4 | Found Omocylumy's Weapon Boutique.
 42272 | Crypt:1  | Entered Level 1 of the Crypt
 42313 | Crypt:1  | Identified the +0 pair of gloves "Xuloj" {Int+2}
 42585 | Crypt:1  | Identified the scarf of Spring Thaw {repulsion, rC+}
 42783 | Crypt:1  | Identified the ring of Ubowi Elam {Ice *Corrode Int+5}
 42783 | Crypt:1  | Noticed Josephina
 42784 | Crypt:1  | Reached skill level 15 in Armour
 42812 | Crypt:1  | Killed Josephina
 43186 | Crypt:2  | Noticed Grunn
 43461 | Crypt:2  | Reached XP level 23. HP: 172/172 MP: 23/23
 43577 | Crypt:2  | Found an ancient bone altar of Kikubaaqudgha.
 43678 | Crypt:2  | Killed Grunn
 43928 | Crypt:2  | Noticed Margery
 43930 | Crypt:2  | Identified the +5 scale mail of Circular Logic {Regen+
                  | Int+2}
 43938 | Crypt:2  | Killed Margery
 44106 | Crypt:2  | Noticed Sojobo
 44118 | Crypt:2  | Killed Sojobo
 44165 | Crypt:3  | Entered Level 3 of the Crypt
 44602 | Crypt:3  | Found a staircase to the Tomb.
 44860 | Crypt:3  | Found a basalt altar of Yredelemnul.
 45065 | Crypt:3  | Identified the Catalogue of Despicable Liturgies
 45593 | Vaults:5 | Entered Level 5 of the Vaults
 45781 | Vaults:4 | Reached XP level 24. HP: 177/177 MP: 23/23
 45914 | Vaults:5 | Noticed a dread lich
 45938 | Vaults:5 | Killed a dread lich
 46473 | Vaults:5 | Found Caneot's Antique Weapon Shoppe.
 46596 | Vaults:5 | Found Xizyrram's Antique Armour Boutique.
 46621 | Vaults:5 | Found Lideacon's Distillery.
 46627 | Vaults:5 | Bought a potion of mutation for 120 gold pieces
 46627 | Vaults:5 | Bought a potion of resistance for 150 gold pieces
 46627 | Vaults:5 | Bought a potion of might for 60 gold pieces
 46627 | Vaults:5 | Bought a potion of mutation for 120 gold pieces
 46627 | Vaults:5 | Bought a potion of invisibility for 120 gold pieces
 46627 | Vaults:5 | Bought a potion of curing for 45 gold pieces
 46627 | Vaults:5 | Bought a potion of curing for 45 gold pieces
 46629 | Vaults:5 | Found Lantop's Book Shoppe.
 46630 | Vaults:5 | Found Eloh's Antique Weapon Shoppe.
 46747 | Vaults:5 | Found Pegisea's Magic Scroll Shoppe.
 46753 | Vaults:5 | Bought a scroll of teleportation for 51 gold pieces
 46753 | Vaults:5 | Bought a scroll of magic mapping for 127 gold pieces
 46753 | Vaults:5 | Bought a scroll of blinking for 127 gold pieces
 46856 | Vaults:5 | Noticed an ancient lich
 46869 | Vaults:5 | Killed an ancient lich
 46870 | Vaults:5 | Found Taxiun's Distillery.
 46888 | Vaults:5 | Bought a potion of curing for 63 gold pieces
 46888 | Vaults:5 | Bought a potion of curing for 63 gold pieces
 46888 | Vaults:5 | Bought a potion of heal wounds for 105 gold pieces
 46888 | Vaults:5 | Bought a potion of curing for 63 gold pieces
 46888 | Vaults:5 | Bought a potion of curing for 63 gold pieces
 47026 | Vaults:5 | Found Ponex's Book Shoppe.
 47034 | Vaults:5 | Found Neck's Magic Scroll Shop.
 47038 | Vaults:5 | Bought a scroll of fog for 52 gold pieces
 47038 | Vaults:5 | Bought a scroll of poison for 52 gold pieces
 47038 | Vaults:5 | Bought a scroll of blinking for 97 gold pieces
 47059 | Vaults:5 | Found Letah's Distillery.
 47063 | Vaults:5 | Bought a potion of might for 72 gold pieces
 47063 | Vaults:5 | Bought a potion of curing for 54 gold pieces
 47063 | Vaults:5 | Bought a potion of heal wounds for 90 gold pieces
 47063 | Vaults:5 | Bought a potion of haste for 180 gold pieces
 47063 | Vaults:5 | Bought a potion of experience for 900 gold pieces
 47063 | Vaults:5 | Bought a potion of mutation for 144 gold pieces
 47236 | Vaults:5 | Got a silver rune of Zot
 47700 | Depths:1 | Entered Level 1 of the Depths
 47700 | Depths:1 | Found a one-way gateway to a ziggurat.
 47909 | Depths:1 | Found Qoashum's Elemental Accessories.
 47916 | Depths:1 | Bought a wand of paralysis (2) for 105 gold pieces
 47916 | Depths:1 | Bought a wand of flame (3) for 46 gold pieces
 47983 | Depths:1 | Noticed Bai Suzhen
 48003 | Depths:1 | Killed Bai Suzhen
 48004 | Depths:1 | Reached XP level 25. HP: 183/183 MP: 23/23
 48199 | Depths:1 | Identified the Anthology of Bad Luck and the Flock
 48219 | Depths:1 | Found a runed translucent door.
 48220 | Depths:1 | Noticed turdburglar's ghost (veteran VSFi)
 48240 | Depths:1 | Killed turdburglar's ghost
 48459 | Depths:1 | Found a gateway to Hell.
 48789 | Depths:2 | Found a one-way gate leading to the halls of Pandemonium.
 48963 | Depths:2 | Found a radiant altar of Vehumet.
 49594 | Depths:2 | Found Xireghodeg's Book Shop.
 49595 | Depths:2 | Found Doaxzal's Jewellery Emporium.
 49595 | Depths:2 | Found Giheont's Jewellery Emporium.
 49605 | Depths:2 | Bought the ring "Qukes" {Drain rC+ Will+ Str+2 Dex+3} for
                  | 658 gold pieces
 49861 | Depths:3 | Found a one-way gate to the infinite horrors of the Abyss.
 50847 | Depths:4 | Entered Level 4 of the Depths
 51309 | Depths:4 | Found a gate to the Realm of Zot.
 51609 | Depths:4 | Reached XP level 26. HP: 189/189 MP: 23/23
 51817 | Depths:4 | Noticed a juggernaut
 51831 | Depths:4 | Killed a juggernaut
 52243 | Orc:2    | Bought a potion of mutation for 144 gold pieces
 52243 | Orc:2    | Bought a potion of curing for 54 gold pieces
 52243 | Orc:2    | Bought a potion of mutation for 144 gold pieces
 52243 | Orc:2    | Bought a potion of curing for 54 gold pieces
 52385 | D:15     | Bought a potion of mutation for 112 gold pieces
 52385 | D:15     | Bought a potion of mutation for 112 gold pieces
 52556 | Zot:1    | Entered Level 1 of the Realm of Zot
 52719 | Zot:1    | Found the +4 dragonskin cloak
 52719 | Zot:1    | Noticed Tiamat
 52758 | Depths:4 | Reached XP level 27. HP: 195/195 MP: 23/23
 52780 | Zot:1    | Killed Tiamat
 53001 | Zot:1    | Found a runed translucent gate.
 53001 | Zot:1    | Found a runed translucent gate.
 53001 | Zot:1    | Found a viscous altar of Jiyva.
 53001 | Zot:1    | Found a runed translucent gate.
 53001 | Zot:1    | Noticed Alunk's ghost (legendary GnFi)
 53001 | Zot:1    | Identified the staff of earth "Feominn" {rC- Str-5 Int+6
                  | Dex+4}
 53006 | Zot:1    | Identified the +0 scale mail "Kuthea" {rElec}
 53017 | Zot:1    | Identified the +5 longbow of Contradiction {flame, Int+3}
 53927 | Zot:2    | Reached skill level 1 in Stealth
 56568 | Zot:5    | Entered Level 5 of the Realm of Zot
 56802 | Zot:5    | Found a runed translucent door.
 56802 | Zot:5    | Noticed riellis1's ghost (master GnWn)
 56869 | Zot:5    | Killed riellis1's ghost
 57130 | Zot:5    | Noticed a dread lich
 57140 | Zot:5    | Killed a dread lich
 57140 | Zot:5    | Noticed an orb of fire
 57141 | Zot:5    | Gained mutation: You are clumsy. (Dex -2) [an orb of fire]
 57147 | Zot:5    | Killed an orb of fire
 57148 | Zot:5    | Noticed a dread lich
 57160 | Zot:5    | Killed a dread lich
 57161 | Zot:5    | Noticed an orb of fire
 57171 | Zot:5    | Gained mutation: You occasionally lose the ability to drink
                  | potions when taking damage. [an orb of fire]
 57173 | Zot:5    | Killed an orb of fire
 57177 | Zot:5    | Identified the +11 rapier of Generosity {pain, *Slow rElec
                  | rF+}
 57197 | Zot:5    | Noticed a dread lich
 57199 | Zot:5    | Killed a dread lich
 57460 | Zot:5    | Noticed an orb of fire
 57472 | Zot:5    | Gained mutation: Your body sometimes deteriorates upon
                  | taking damage. [an orb of fire]
 57478 | Zot:5    | Gained mutation: You occasionally lose the ability to read
                  | scrolls when taking damage. [an orb of fire]
 57482 | Zot:5    | Killed an orb of fire
 57484 | Zot:5    | Noticed an orb of fire
 57491 | Zot:5    | Gained mutation: Your spells are a little easier to cast,
                  | but a little less powerful. [an orb of fire]
 57492 | Zot:5    | Gained mutation: You occasionally shout uncontrollably at
                  | your foes. [an orb of fire]
 57493 | Zot:5    | Killed an orb of fire
 57495 | Zot:5    | Noticed an orb of fire
 57505 | Zot:5    | Gained mutation: You are frail. (-10% HP) [an orb of fire]
 57506 | Zot:5    | Gained mutation: You do not regenerate when monsters are
                  | visible. [an orb of fire]
 57507 | Zot:5    | Killed an orb of fire
 57520 | Zot:5    | Lost mutation: You are frail. (-10% HP) [potion of
                  | mutation]
 57520 | Zot:5    | Lost mutation: You are clumsy. (Dex -2) [potion of
                  | mutation]
 57520 | Zot:5    | Gained mutation: You have a pair of small antennae on your
                  | head. [potion of mutation]
 57521 | Zot:5    | Lost mutation: You have a pair of small antennae on your
                  | head. [potion of mutation]
 57521 | Zot:5    | Lost mutation: You occasionally lose the ability to read
                  | scrolls when taking damage. [potion of mutation]
 57521 | Zot:5    | Gained mutation: You are strong-willed. (Will+) [potion of
                  | mutation]
 57521 | Zot:5    | Gained mutation: You are highly strong-willed. (Will++)
                  | [potion of mutation]
 57522 | Zot:5    | Lost mutation: You are highly strong-willed. (Will++)
                  | [potion of mutation]
 57522 | Zot:5    | Lost mutation: Your spells are a little easier to cast, but
                  | a little less powerful. [potion of mutation]
 57522 | Zot:5    | Lost mutation: You do not regenerate when monsters are
                  | visible. [potion of mutation]
 57711 | Zot:5    | Noticed an orb of fire
 57716 | Zot:5    | Gained mutation: You frequently scream uncontrollably at
                  | your foes. [an orb of fire]
 57718 | Zot:5    | Noticed an orb of fire
 57724 | Zot:5    | Killed an orb of fire
 57741 | Zot:5    | Killed an orb of fire
 57745 | Zot:5    | Noticed a dread lich
 57755 | Zot:5    | Killed a dread lich
 58130 | Zot:5    | Got the Orb of Zot
 58195 | Zot:3    | Gained mutation: You are vulnerable to cold. (rC-) [a
                  | neqoxec]
 58620 | D:$      | Escaped with the Orb!

Illustrated notes

Levels and vault maps discovered:
D:1:      eino_arrival_druids_welcome, layout_basic
D:2:      layout_basic, ebering_ecumenical_altar_box, uniq_jessica, uniq_terence
D:3:      layout_loops_ring, lemuel_crystal_altar, grunt_dithmenos_smoke,
          minmay_crystal_water, minivault_23, uniq_crazy_yiuf_cottage
D:4:      layout_cave_pods
D:5:      layout_loops_corners, minmay_temple_entry_fiery
D:6:      layout_basic, nemelex_spade_bored_becter,
          mainiacjoe_overflow_24_doors, small_statue_intersection
D:7:      layout_basic, okawaru_metal_pillars_1_2, minmay_manual_mail,
          uniq_joseph
D:8:      layout_cave_pools, serial_shops, shop_statue, shop,
          nicolae_shop_rolling_square, uniq_pikel
D:9:      minmay_general_purpose_star, layout_small_grid,
          nicolae_gozag_cash_rules_everything_around_me, minmay_statues_item,
          hangedman_abyss_or_decor_clamps, minmay_shop_damaged
D:10:     layout_roguey [special_room_orc], makhleb_altar_promises_db,
          hellmonk_lair_entry_icy
D:11:     layout_irregular_city
D:12:     layout_basic, orc_0_dummy, serial_shops, shop,
          gammafunk_ghost_stat_death, nicolae_wu_jian_wuxing_cycle
D:13:     layout_roguey, maelrawn_ghost_gauntlet_escape
D:14:     layout_loops_corners, erik_vaults_2,
          nicolae_kikubaaqudgha_miasma_corner
D:15:     hangedman_depths_entry_civil_slaughter, layout_gridville,
          nicolae_figureground_pulse, nicolae_transmutations_shop,
          minmay_crystal_box
Temple:   nicolae_temple_superstar
Lair:1:   layout_chaotic_city, pdpol_lair_cabin_in_the_woods
Lair:2:   layout_layer_cave, nicolae_swamp_entry_spooky, wad_woods_river_01,
          uniq_sonja
Lair:3:   nzn_winding_woodlands_three_and_one
          [nzn_winding_woodlands_5x15_pockets,
          nzn_winding_woodlands_5x15_pathside_ponds,
          nzn_winding_woodlands_5x15_garden,
          nzn_winding_woodlands_center_triple_pond], layout_chaotic_city,
          spider_nest_entry_web_field, infiniplex_staircase_pool
Lair:4:   nzn_motion_control, layout_misc_corridors,
          nicolae_slime_entry_field_trip, uniq_nessos
Lair:5:   minmay_lair_end_enchanted_forest, layout_regular_city, basic_altar,
          st_stairs_3, grunt_forest_small_clearings,
          grunt_forest_large_clearings
Swamp:1:  layout_basic_swamp, wheals_swamp_sinkhole, swamp_pool1
Swamp:2:  layout_basic_swamp, portal_ice_cave_entry_pillars_1,
          evilmike_swamp_ruin_rubble_2
Swamp:3:  layout_basic_swamp, evilmike_swamp_ruin_house_2,
          nicolae_swamp_godswood, swamp_pool3, grunt_hermit_hut
Swamp:4:  byrel_swamp_growth_death_and_undeath, layout_basic_swamp, uniq_aizul
Spider:1: layout_spider_delve, hangedman_spider_tarantella_strand, uniq_roxanne
Spider:2: layout_spider_delve, uniq_agnes
Spider:3: gammafunk_sealed_arena, gammafunk_ghost_necromancy,
          nicolae_spider_world_wide_web, uniq_mara
Spider:4: floodkiller_spider_rune_tomb, uniq_mlioglotl
Orc:1:    nicolae_orc_accident_2, layout_caves
Orc:2:    st_orc_open, layout_caves, basic_altar, serial_shops,
          nicolae_shop_drivethru, uniq_donald, uniq_erolcha
Elf:1:    nicolae_elf_arrival_fired_up, layout_onion_city, serial_shops, shop,
          minmay_elf_demonology, minmay_misc_feat_rows
Elf:2:    elven_hall_of_blades_hangedman_alternative
          [nicolae_blade_entry_crossed_weapons], layout_rooms,
          nicolae_trove_entry_path_of_doom, drop_trap, kilobyte_rumbling_trees
Elf:3:    nooodl_elf_gasket, layout_gridlike, basic_altar
Vaults:1: v_alt_pattern_1, nicolae_vaults_weapon_check,
          hangedman_vaults_restitches, vaults_room_fours,
          hangedman_vaults_nails, nicolae_vaults_closet_pinwheel_3,
          layout_vaults_omnigrid, serial_hangedman_research,
          hangedman_research_probablistics, hangedman_research_metamorphosis,
          hangedman_research_quantum, uniq_asterion, uniq_nikola
Vaults:2: nicolae_vaults_little_squares_6, kb_rosetta,
          nicolae_vaults_cornered_office, vaults_dpeg_emergency_exit,
          hangedman_vaults_stream, nicolae_vaults_triangles,
          vaults_room_door_hall, vaults_room_large_hall, v_misc_16,
          nicolae_vaults_diamond_2, nicolae_vaults_storage_room_statues,
          layout_vaults_maze, serial_shops, freezing_bzr,
          nicolae_shop_bloodbath_and_beyond, nicolae_shop_peninsula,
          nicolae_shop_peninsula, shop
Vaults:3: minmay_crypt_entry_necro_gods, v_misc_19, v_alt_pattern_5,
          hangedman_vaults_capsules, v_misc_4, nicolae_vaults_stepped_doors,
          nicolae_vaults_apartment_1, nicolae_vaults_closet_pinwheel_5,
          nicolae_vaults_bisected_exclaves, ontoclasm_vaults_pinch,
          nicolae_vaults_double_plus_1, nicolae_vaults_surprise_closet_hard,
          layout_vaults_omnicross, uniq_jory, uniq_xtahua
Vaults:4: grunt_vaults_hallway_long, nicolae_vaults_tetromino_L_2,
          hangedman_vaults_nails, hangedman_vaults_cutoff,
          nicolae_vaults_thirteen_compartments, v_misc_3,
          nicolae_vaults_tetromino_Z_1, vaults_room_door_hall,
          ontoclasm_vaults_ring_small, nicolae_vaults_prndl,
          nicolae_vaults_house_2, layout_vaults_big_room, serial_shops,
          nicolae_shop_just_a_little_nook
Vaults:5
Crypt:1:  layout_chaotic_city, grunt_crypt_arrival_split,
          roderic_lattice_octagonal_star, uniq_josephina
Crypt:2:  layout_rooms, lemuel_statue_altar, grunt_megastairs_2, uniq_margery,
          uniq_sojobo, uniq_grunn
Crypt:3:  church_of_pain_bobbens, layout_chaotic_city
Depths:1: layout_basic, enter_ziggurat_e, ebering_ghost_reflecting_pool,
          skrybe_limestone_x, hangedman_geh_valley, nicolae_elemental_shop,
          minmay_shattered_shrine, uniq_bai_suzhen
Depths:2: minmay_angry_zag, layout_gridlike, nicolae_vehumet_radiance,
          hell_entry, pan_entry, minmay_staircase_bubble, minmay_shop_grove
Depths:3: minmay_inside_and_out, layout_cave_pools, abyss_entry,
          infiniplex_staircase_pillars_3b, hell_entry
Depths:4: grunt_zot_entry_funnels, layout_gridlike, hell_entry,
          hangedman_decor_clover_reticule
Zot:1:    layout_onion_interference, gammafunk_ghost_ooze, grunt_ministairs_4,
          uniq_tiamat
Zot:2:    lemuel_draconian_sentries, layout_basic
Zot:3:    layout_onion_interference, st_single_dragon_hoard_2
Zot:4:    layout_twisted_circle
Zot:5:    layout_misc_corridors, hellmonk_ghost_happy_afterlife,
          grunt_ministairs_5

Skill      XL: |  1  2  3  4  5  6  7  8  9 10 11 12 13 14 15 16 17 18 19 20 21 22 23 24 25 26 27 |
---------------+----------------------------------------------------------------------------------+-----
Axes           | 2 3 4 |  4.0
Maces & Flails | 1 4 5 7 9 11 12 14 15 18 19 22 | 22.7
Fighting       | 4 5 8 10 11 15 16 17 19 21 23 24 | 24.0
Dodging        | 6 7 10 11 15 19 20 21 | 21.8
Armour         | 5 8 10 13 16 19 24 | 24.0
Evocations     | 4 5 9 |  9.9
Shields        | 5 13 17 22 | 22.5
Throwing       | 4 |  4.0
Stealth        | 1 |  1.1

Action                     |  1- 3 |  4- 6 |  7- 9 | 10-12 | 13-15 | 16-18 | 19-21 | 22-24 | 25-27 || total
---------------------------+-------+-------+-------+-------+-------+-------+-------+-------+-------++-------
  Melee: War axe           |    69 |     6 |       |       |       |       |       |       |       ||    75
         Flail             |       |    77 |   202 |   630 |  1209 |    53 |       |       |       ||  2171
         Morningstar       |       |       |       |       |       |  1512 |  1710 |  2041 |       ||  5263
         Eveningstar       |       |       |       |       |       |       |       |    47 |  2304 ||  2351
  Throw: Throwing net      |       |       |       |       |       |       |       |       |     1 ||     1
   Cast: Apportation       |       |       |       |       |     1 |       |       |       |       ||     1
 Invoke: Curse Item        |       |       |     3 |     8 |     2 |     1 |     3 |     2 |     2 ||    21
         Shatter the Chain |       |       |     2 |       |     1 |     3 |     3 |     2 |       ||    11
  Evoke: Wand              |       |       |       |     3 |     8 |    27 |     4 |     1 |    17 ||    60
         Phantom mirror    |       |       |       |       |       |       |     1 |       |     1 ||     2
         Phial of floods   |       |       |       |       |       |       |     1 |       |       ||     1
         Condenser vane    |       |       |       |       |       |       |       |     3 |     1 ||     4
         Tin of tremorston |       |       |       |       |       |       |       |     2 |     3 ||     5
    Use: Potion            |     1 |       |     1 |       |     1 |     4 |     1 |     2 |    15 ||    25
         Scroll            |       |     8 |     1 |     3 |       |     4 |    21 |     6 |     2 ||    45
   Stab: Distracted        |       |       |     1 |       |     1 |       |     1 |       |       ||     3
         Sleeping          |       |       |       |     2 |     3 |       |       |       |       ||     5
         Paralysed         |       |       |       |     8 |     2 |    17 |     4 |       |     3 ||    34
         Held in net/web   |       |       |       |       |       |       |       |       |     3 ||     3
 Armour: Scale mail        |    31 |    32 |    11 |       |       |       |       |       |       ||    74
         Robe              |       |       |    40 |   110 |   225 |   343 |   101 |       |       ||   819
         Acid dragon scale |       |       |       |       |       |       |   214 |   459 |   500 ||  1173
  Dodge: Dodged            |    23 |    25 |    83 |   269 |   464 |   786 |   718 |   932 |  1468 ||  4768
  Block: Buckler           |     8 |    11 |    55 |   292 |   334 |       |       |       |       ||   700
         Reflection        |       |       |     2 |     3 |    16 |    13 |       |       |       ||    34
         Tower shield      |       |       |       |       |   368 |  1678 |  1453 |  2016 |  2237 ||  7752
